Map: Catalyst LE

Players

DaNa

  • Race: Zerg Zerg
  • Spawn Location: 5:00

BlueCheese - Winner!

  • Race: Terran Terran
  • Spawn Location: 11:00

Event: IEM Season 12 - Katowice

VOD

Have the link to the VOD?

Description

Time

  • Played on: Feb. 27, 2018, 9:59 a.m.
  • Length: 12:31

All games in this series

Show
View Real Time Build Order
Export as new Build Order

DaNa Zerg 

Build Orders: Hatch First, Roach Hydra 

Get SALT Encoding   

  12  0:00  Drone  
  13  0:12  Overlord  
  13  0:16  Drone  
  14  0:30  Drone x2  
  14  0:34  Drone  
  17  0:52  Hatchery  
  17  0:54  Drone  
  17  0:58  Drone  
  17  1:00  Extractor  
  17  1:13  Spawning Pool  
  17  1:16  Drone  
  17  1:20  Drone  
  18  1:27  Drone  
  19  1:40  Drone  
  20  1:49  Drone  
  21  2:02  Metabolic Boost  
  21  2:03  Queen  
  21  2:04  Queen  
  21  2:05  Zergling x4  
  27  2:12  Drone  
  28  2:16  Overlord  
  27  2:35  Drone  
  27  2:36  Drone, Hatchery  
  28  2:40  Drone  
  28  2:42  Drone  
  30  2:45  Drone  
  30  2:47  Drone  
  32  2:53  Overlord  
  32  2:57  Drone  
  33  3:04  Drone  
  34  3:10  Drone  
  35  3:15  Queen  
  35  3:16  Drone x5  
  35  3:18  Drone  
  43  3:21  Drone, Extractor  
  43  3:22  Drone  
  44  3:32  Roach Warren, Overlord  
  43  3:35  Zergling x2  
  44  3:48  Queen  
  44  3:49  Overlord  
  44  3:50  Zergling x6  
  49  3:57  Queen  
  50  4:04  Overlord x2  
  50  4:05  Overlord  
  50  4:08  Drone x2  
  52  4:12  Roach x2  
  52  4:14  Roach  
  58  4:20  Roach x3  
  64  4:26  Roach x2  
  64  4:29  Roach  
  69  4:36  Roach x3  
  75  4:44  Overlord  
  75  4:45  Overlord  
  75  4:49  Overlord  
  75  4:53  Zergling x6  
  78  5:01  Zergling x4  
  78  5:06  Zergling x4  
  82  5:13  Zergling x12  
  82  5:14  Zergling x2  
  87  5:19  Lair  
  87  5:20  Drone x4  
  91  5:22  Drone  
  91  5:26  Drone  
  75  5:37  Zergling x6  
  68  5:44  Queen  
  68  5:45  Queen  
  68  5:54  Drone  
  68  5:55  Drone  
  68  5:56  Drone x4  
  73  5:57  Drone  
  73  5:59  Spore Crawler  
  73  6:00  Spore Crawler, Drone x4  
  73  6:02  Drone  
  77  6:05  Spore Crawler, Drone  
  77  6:08  Drone x2  
  78  6:14  Ravager x3  
  78  6:17  Drone x2  
  83  6:19  Overseer  
  83  6:21  Extractor  
  83  6:23  Overseer  
  81  6:26  Drone x2  
  81  6:31  Queen x2  
  83  6:37  Drone x5  
  83  6:38  Drone x3  
  90  6:43  Drone x2  
  90  6:45  Overlord  
  90  6:47  Drone  
  90  6:48  Drone  
  90  6:50  Drone  
  90  6:54  Drone x3  
  95  7:01  Drone  
  95  7:02  Drone x2  
  98  7:11  Baneling Nest  
  98  7:13  Hydralisk Den  
  96  7:16  Extractor  
  96  7:17  Drone  
  96  7:18  Evolution Chamber x2, Drone  
  96  7:19  Drone x3, Extractor  
  96  7:22  Extractor  
  96  7:28  Roach x2  
  96  7:29  Roach  
  101  7:31  Roach x2  
  101  7:36  Roach x2  
  101  7:37  Roach x2  
  113  7:42  Hatchery, Glial Reconstitution  
  112  7:44  Zerg Missile Weapons Level 1  
  112  7:48  Muscular Augments  
  112  7:49  Zerg Ground Armor Level 1  
  113  7:53  Overlord  
  113  7:54  Overlord x2  
  113  7:55  Overlord x2  
  113  7:56  Overlord  
  113  8:08  Overlord x2  
  113  8:13  Roach  
  113  8:14  Roach x6  
  127  8:22  Overseer  
  127  8:24  Drone x2  
  128  8:30  Overlord  
  128  8:31  Hydralisk  
  128  8:32  Hydralisk x6  
  142  8:37  Drone x2  
  142  8:39  Drone x2  
  142  8:40  Drone x2  
  147  8:54  Drone  
  147  8:55  Drone x6  
  154  8:57  Infestation Pit  
  153  9:03  Extractor  
  153  9:04  Grooved Spines  
  153  9:05  Hydralisk x3  
  153  9:06  Roach x3  
  160  9:18  Drone x3  
  160  9:20  Drone x3, Extractor  
  165  9:25  Hydralisk x4  
  173  9:32  Roach x4  
  173  9:36  Hive  
  181  9:41  Hatchery  
  180  9:48  Spine Crawler, Overlord x2  
  180  9:49  Spore Crawler  
  180  9:51  Roach  
  180  9:52  Roach x5  
  190  10:03  Overlord x2  
  190  10:04  Overlord  
  184  10:16  Roach x11  
  189  10:27  Roach x3  
  186  10:29  Hydralisk x5  
  186  10:33  Roach x2  
  173  11:03  Ultralisk Cavern  
  172  11:05  Drone x2  
  172  11:06  Drone x3, Extractor  
  172  11:07  Drone x3  
  172  11:08  Hydralisk  
  172  11:09  Hydralisk  
  172  11:10  Ravager x2  
  172  11:11  Ravager x2  
  143  11:40  Roach  
  143  11:41  Roach x10  
  143  11:44  Hatchery  
  143  11:45  Roach  
  143  11:46  Roach x3  
  164  11:49  Ravager  
  164  11:50  Ravager x3  
  168  11:56  Zergling x10  
  167  12:03  Roach x3  
  167  12:06  Roach  
  175  12:11  Roach x5  
Show
View Real Time Build Order
Export as new Build Order

BlueCheese Terran - Winner!

Build Orders: Reaper Expand, Hellion Banshee 

Get SALT Encoding   

  12  0:00  SCV  
  13  0:13  SCV  
  14  0:17  Supply Depot  
  14  0:25  SCV  
  15  0:39  SCV  
  15  0:40  Barracks  
  16  0:44  Refinery  
  16  0:51  SCV  
  17  1:03  SCV  
  18  1:15  SCV  
  19  1:26  Reaper  
  19  1:28  Orbital Command  
  20  1:42  Command Center  
  20  1:50  Supply Depot  
  20  1:53  SCV  
  21  1:58  Marine  
  22  2:05  SCV  
  22  2:07  Refinery  
  23  2:16  Factory  
  23  2:18  SCV  
  23  2:21  Barracks Reactor  
  24  2:30  SCV  
  25  2:42  SCV  
  26  2:54  SCV, Orbital Command  
  27  3:03  Starport  
  27  3:06  SCV  
  27  3:07  Hellion x2  
  27  3:10  Barracks Tech Lab  
  32  3:18  SCV  
  32  3:19  SCV  
  34  3:28  Hellion  
  34  3:29  Hellion  
  34  3:30  SCV  
  39  3:34  SCV  
  39  3:38  Supply Depot  
  40  3:42  SCV  
  40  3:44  Cloaking Field  
  40  3:46  Viking  
  40  3:47  SCV  
  44  3:54  SCV  
  45  4:00  Hellion x2  
  45  4:02  Barracks Tech Lab  
  49  4:03  SCV  
  49  4:06  Supply Depot, SCV  
  51  4:15  SCV  
  52  4:18  SCV  
  53  4:27  Banshee  
  53  4:29  SCV  
  53  4:31  SCV  
  58  4:33  Command Center  
  58  4:36  Siege Tank, Marine x2  
  61  4:42  Supply Depot, SCV  
  61  4:45  Supply Depot  
  62  5:03  SCV x2, Marine x2  
  64  5:10  Banshee  
  67  5:15  SCV  
  67  5:16  Siege Tank  
  67  5:19  SCV  
  67  5:21  Marine x2  
  72  5:28  SCV, Command Center  
  69  5:36  Bunker  
  69  5:37  SCV  
  69  5:39  Marine x2  
  69  5:40  SCV  
  68  5:49  SCV, Barracks  
  69  5:50  Barracks  
  69  5:52  SCV  
  69  5:57  Marine x2  
  63  6:01  SCV  
  63  6:02  Supply Depot  
  63  6:03  Refinery  
  67  6:04  Supply Depot, SCV, Refinery  
  67  6:05  Supply Depot  
  67  6:06  Engineering Bay, Banshee  
  67  6:07  Engineering Bay  
  70  6:13  SCV  
  70  6:14  Marine x2  
  70  6:16  SCV  
  72  6:20  Siege Tank  
  75  6:26  SCV  
  75  6:28  SCV  
  75  6:32  Marine x2  
  79  6:38  SCV, Barracks Tech Lab x2  
  80  6:40  SCV  
  80  6:44  Orbital Command  
  81  6:50  Supply Depot, SCV, Marine, Barracks  
  81  6:51  Terran Infantry Armor Level 1, Terran Infantry Weapons Level 1  
  81  6:52  Supply Depot, SCV, Barracks  
  78  7:00  Supply Depot, Starport Reactor  
  78  7:02  SCV  
  78  7:04  SCV, Marine  
  78  7:05  Stimpack, Marine, Combat Shields  
  82  7:08  Supply Depot  
  82  7:10  Siege Tank  
  82  7:14  SCV  
  86  7:16  SCV  
  86  7:17  Supply Depot, Marine x2  
  86  7:22  Marine x2  
  89  7:26  SCV  
  89  7:27  Orbital Command  
  89  7:29  SCV  
  93  7:34  Marine  
  93  7:35  Marine  
  95  7:38  SCV  
  95  7:41  SCV  
  95  7:44  Barracks Reactor  
  94  7:45  Barracks Reactor, Marine x2  
  94  7:48  Missile Turret  
  94  7:50  SCV  
  97  7:51  Missile Turret  
  97  7:52  Marine  
  97  7:53  SCV  
  97  7:54  SCV  
  97  7:56  Medivac  
  97  7:57  Marine, Medivac  
  105  8:02  Marine x2  
  105  8:05  Supply Depot x3  
  109  8:09  Armory  
  109  8:10  Marine  
  109  8:12  Refinery  
  108  8:13  Refinery  
  108  8:15  Marine  
  109  8:20  Marine x2  
  109  8:22  Marine x3  
  109  8:26  Medivac, Armory  
  109  8:27  Supply Depot, Medivac  
  118  8:28  Supply Depot, Marine  
  118  8:30  Marine  
  118  8:31  Supply Depot  
  118  8:33  Marine  
  121  8:38  Supply Depot, Marine x2  
  121  8:39  Supply Depot  
  121  8:40  Marine  
  124  8:41  Supply Depot  
  124  8:52  Supply Depot  
  124  8:55  Marine x2  
  124  8:56  Marine x4, Medivac x2, Concussive Shells  
  124  9:00  Command Center  
  134  9:03  Siege Tank, Marine  
  134  9:04  Marine  
  134  9:06  Factory  
  139  9:10  Supply Depot  
  139  9:13  Marine  
  138  9:17  Marine x5  
  138  9:21  Marine x2  
  145  9:31  Marine, Medivac x2  
  149  9:35  Siege Tank, Marine x5  
  158  9:39  Marine x2  
  158  9:44  Terran Infantry Armor Level 2, Terran Infantry Weapons Level 2  
  160  9:49  Marine  
  161  9:52  Marine  
  161  9:53  Marine x4  
  161  9:56  Siege Tank  
  161  9:57  Marine x2  
  171  10:06  Marine  
  171  10:07  Siege Tank, Medivac x2  
  171  10:10  Marine x2  
  171  10:11  Marine x3  
  172  10:15  Marine x2  
  171  10:24  Marine  
  172  10:28  Siege Tank, Marine x3  
  172  10:29  Marine x2  
  172  10:32  Marine  
  172  10:33  Marine  
  181  10:39  Siege Tank  
  181  10:42  Marine  
  185  10:46  Marine x4  
  189  10:56  Marine  
  157  10:57  Marine x2  
  157  10:58  Medivac x2, Planetary Fortress  
  157  11:00  Marine  
  157  11:01  Siege Tank  
  157  11:04  Marine x4  
  166  11:09  Missile Turret  
  170  11:11  Siege Tank  
  170  11:14  Marine x2, Barracks  
  170  11:15  Marine, Barracks  
  170  11:18  Marine, Barracks  
  177  11:22  Marine x3  
  180  11:28  Marine  
  180  11:32  Marine x2  
  182  11:33  Siege Tank  
  158  11:43  Siege Tank  
  158  11:45  Marine x2  
  158  11:46  Marine x4  
  161  11:50  Marine  
  161  11:51  Marauder  
  163  12:04  Barracks Tech Lab x3, Marauder  
  163  12:05  Marine x2  
  163  12:07  Marine x3  
  163  12:08  Marine  

Tags
 
Add a new tag
Caveats
  • Supply blocks, unpowered buildings, or Contaminate may cause inaccurate times.
  • Supply counts are checked every 10 seconds.